 Dungeon Crawl Stone Soup version 0.27.1-4-g1640c2035a (webtiles) character file.

Game seed: 1742106614476077227

2 ChickenMitten the Magician (level 1, 12/15 HPs)
             Began as a Djinni Summoner on Nov 1, 2021.
             Got out of the dungeon alive.
             The game lasted 00:02:19 (399 turns).

ChickenMitten the Magician (Djinni Summoner)         Turns: 399, Time: 00:02:19

Health: 12/15      AC:  2    Str:  7    XL:     1   Next: 33%
Gold:   44         EV: 12    Int: 16    God:
                   SH:  0    Dex: 13

rFire    + + .     SeeInvis .   c - +1 mace (distort)
rCold    x . .     Faith    .   (no shield)
rNeg     . . .     Spirit   .   a - +0 robe
rPois    ∞         Reflect  .   (no helmet)
rElec    .         Harm     .   (no cloak)
rCorr    .         Rampage  .   (no gloves)
Will     .....                  (boots unavailable)
Stlth    ++........             (no amulet)
HPRegen  0.05/turn              (no ring)
MPRegen  0.00/turn              (no ring)

@: flying
A: sickness immunity, fire resistance 2, cold vulnerability 1, float, innate
caster, hp casting, extra vitality 1
a: no special abilities


You escaped.
You visited 1 branch of the dungeon, and saw 1 of its levels.

You collected 44 gold pieces.

Inventory:

Hand Weapons
 c - a +1 mace of distortion (weapon)
Armour
 a - a +0 robe (worn)
Potions
 b - a potion of invisibility {unknown}


   Skills:
 - Level 2.1 Dodging
 - Level 1.5 Stealth
 * Level 3.3 Spellcasting


You couldn't memorise any spells.
You knew the following spells:

 Your Spells              Type           Power      Damage    Failure   Level
a - Summon Small Mammal   Summ           52%        N/A       4%          1
b - Call Imp              Summ           13%        N/A       7%          2
c - Call Canine Familiar  Summ           13%        N/A       14%         3
d - Summon Guardian Gole  Hex/Summ       13%        N/A       14%         3
e - Summon Lightning Spi  Summ/Air       13%        N/A       41%         4
Your spell library was empty.

Dungeon Overview and Level Annotations

Branches:
Dungeon (1/15)

Altars:


Innate Abilities, Weirdness & Mutations

You are immune to sickness and miasma.
You are immune to poison.
Your flesh is very heat resistant. (rF++)
You are vulnerable to cold. (rC-)
You float through the air rather than walking.
You learn spells naturally, not from books.
Your magical power is your life essence.
You have superior vitality. (+4 HP)


Message History

Casting: Summon Small Mammal (safe; 4% risk of failure)
Confirm with . or Enter, or press ? or * to list all spells.
You miscast Summon Small Mammal.
You are very lightly contaminated with residual magic.
Nothing appears to happen.
Your bat hits the quokka. The quokka closely misses your bat.
Casting: Summon Small Mammal (safe; 4% risk of failure)
Confirm with . or Enter, or press ? or * to list all spells.
Your bat barely misses the quokka.
The quokka closely misses your bat.
Casting: Summon Small Mammal (safe; 4% risk of failure)
Confirm with . or Enter, or press ? or * to list all spells.
Your bat hits the quokka but does no damage.
Your bat closely misses the quokka.
The quokka barely misses your bat.
Welcome back, ChickenMitten the Djinni Summoner.
Press ? for a list of commands and other information.
Unknown command.
Your bat misses the quokka. x2; The quokka bites your bat.
There is an open door here.
Your magical contamination has completely faded away.
A quokka is nearby!
The quokka barely misses your quokka.
Your rat barely misses the quokka.
Your quokka closely misses the quokka.
The quokka barely misses your quokka.
Your bat completely misses the quokka.
Your quokka misses the quokka.
Your rat bites the quokka.
Your bat closely misses the quokka. x2
The quokka completely misses your quokka.
Your quokka completely misses the quokka.
Your bat disappears in a puff of smoke!
A quokka is nearby!
Your quokka disappears in a puff of smoke!
Things that are here:
a +0 club; a goblin skeleton A quokka is nearby!
A quokka is nearby!
There is an open door here.
Found a stone staircase leading down.
There is a staircase leading out of the dungeon here.
There is a staircase leading out of the dungeon here.
Are you sure you want to leave the Dungeon?
This will make you lose the game!
You have escaped!

#.........#...#
#...>#.####'#.######
#...####....#.....>.
#.####.........##
#.##......#...r#
#........####..#
#......#####...###
#..#>#####.......#
#..#####....@.##.#
#.####........# .#
#.##.......##.# #
#.#....##..##.#
#.......#.....#
######....#####
#.#..# #.#.># #.####


You could see a quokka (wandering).

Vanquished Creatures (collateral kills)
  A giant cockroach (D:1)
  A goblin (D:1)
  A kobold (D:1)
3 creatures vanquished.

Notes
Turn   | Place    | Note
-------+----------+-------------------------------------------
     0 | D:1      | ChickenMitten the Djinni Summoner began the quest for the
                  | Orb.
     0 | D:1      | Reached XP level 1. HP: 15/15 MP: 0/0
   399 | D:$      | Got out of the dungeon alive.

Illustrated notes

Levels and vault maps discovered:
D:1:      dpeg_arrival_long_road, layout_basic

Action                   || total
-------------------------++-------
Melee: Mace              ||     1
 Cast: Summon Small Mamm ||    14
